 Dungeon Crawl Stone Soup version 0.31-a0-426-g3a05650e59 (webtiles) character file.

Game seed: 16527146322411110180

809 Arzdou the Grappler (level 7, 48/48 HPs)
             Began as a Demonspawn Shapeshifter on July 30, 2023.
             Quit the game on level 4 of the Dungeon.
             The game lasted 00:08:03 (4011 turns).

Arzdou the Grappler (Demonspawn Shapeshifter)       Turns: 4011, Time: 00:08:03

Health: 48/48      AC:  3    Str: 17    XL:     7   Next: 61%
Magic:  16/16      EV: 12    Int:  9    God:
Gold:   134        SH:  0    Dex: 14    Spells: 6/6 levels left

rFire   + .          .
                       - Unarmed
rCold   + . .        (no shield)
rNeg    . . .        t - +1 robe {rC+ rF+}
rPois   .            (helmet currently unavailable)
rElec   .            (cloak currently unavailable)
rCorr   .            (gloves currently unavailable)
SInv    .            (boots currently unavailable)
Will    .....        (no amulet)
Stlth   +            h - ring of magical power
HPRegen 0.28/turn    (no ring)
MPRegen 0.15/turn

%: no passive effects
@: beast-form
A: beast (slay +2), antennae 1, hooves 1, demonic magic 1, demonic touch 1
a: Begin Untransformation


You were on level 4 of the Dungeon.
You were a hulking beast.
You visited 1 branch of the dungeon, and saw 4 of its levels.

You collected 134 gold pieces.

Inventory:

Missiles
 f - 5 poisoned darts (quivered)
 v - 2 throwing nets
Armour
 a - a +0 animal skin
 m - a +0 cloak
 t - a +1 robe of resistance (worn)
Jewellery
 h - a ring of magical power (left hand)
Talismans
 c - a beast talisman (active)
Wands
 w - a wand of acid (8)
Scrolls
 b - 3 scrolls of identify
 d - a scroll of revelation {unknown}
 g - 2 scrolls of fear {unknown}
 k - a scroll of amnesia {unknown}
 o - a scroll of enchant weapon {unknown}
 p - a scroll of torment {unknown}
 q - a scroll of blinking {unknown}
 r - a scroll of brand weapon {unknown}
 s - a scroll of fog {unknown}
 u - a scroll of teleportation {unknown}
Potions
 e - a potion of resistance
 i - 2 potions of enlightenment
 j - 4 potions of curing
 l - a potion of magic {unknown}
 n - a potion of haste {unknown}


   Skills:
 - Level 1.0 Fighting
 - Level 1.7 Dodging
 + Level 8.2 Unarmed Combat
 - Level 3.0 Shapeshifting


You had 6 spell levels left.
You didn't know any spells.
Your spell library contained the following spells:

 Spells                   Type           Power      Damage    Failure   Level
 Freeze                   Ice            0%         1d3       38%         1
 Blink                    Tloc           0%         N/A       52%         2
 Lesser Beckoning         Tloc           0%         N/A       52%         2
 Momentum Strike          Conj/Tloc      0%         3d8       52%         2
 Frozen Ramparts          Ice            0%         1d1       77%         3
 Hailstorm                Conj/Ice       0%         3d3       77%         3
 Summon Forest            Summ/Tloc      0%         N/A       100%        5
 Eringya's Noxious Bog    Tmut/Pois      0%         4d6       100%        6
 Summon Hydra             Summ           0%         N/A       100%        7


Dungeon Overview and Level Annotations

Branches:
Dungeon (4/15)
 Temple: D:4-7

Altars:
Sif Muna


Innate Abilities, Weirdness & Mutations

You are a hulking beast.
Your limbs bulge with bestial killing power. (Slay +2)
You have a pair of small antennae on your head.
You have large cloven feet.
Spells you cast may paralyse adjacent enemies.
Your touch may inflict minor irresistible damage on your foes.


Message History

Something hits you.
* * * LOW HITPOINT WARNING * * *
Something shocks you.
* * * LOW HITPOINT WARNING * * *
You barely miss something. Your touch misses something.
Something hits you but does no damage.
You hit something.
Reactivating autopickup.
You feel a bit more experienced.
Your Unarmed Combat skill increases to level 8!
You enter the shallow water.
Moving in this stuff is going to be slow.
You start resting.
An orc comes into view. It is wielding a +0 short sword.
An orc is nearby!
The orc shouts!
The orc throws a stone.
The stone hits you.
The orc throws a stone.
The stone misses you.
You punch the orc!
You kill the orc!
No target in view!
No target in view!
No target in view!
No target in view!
No target in view!
No target in view!
No target in view!
No target in view!
No target in view!
No target in view!
No target in view!
No target in view!
No target in view!
No target in view!
Things that are here:
a +0 short sword; 4 stones You start resting.
HP restored.
Unknown command.
Are you sure you want to abandon this character and quit the game? (Confirm with "yes".)

. ... ######
...########### #
##....#
#.......<....###.#####
.#....#
#......h..............
.#....#
#..........#..........
.#....#
#........†.#..##..###.
.#....#
#..........#..# ..#
.#....#
#####......#..# .#
.#....#
#...#......#..# .#
.#....#
#...#).....#..# #
.#....#
#...#))....#..#
##....# #...##.####


There were no monsters in sight!

Vanquished Creatures
  Grinder (D:3)
  Sigmund (D:2)
  A sky beast (D:4)
  A phantom (D:4)
  3 orc priests
  An iguana (D:3)
  2 orc wizards (D:4)
  5 adders
  A worm (D:2)
  5 dart slugs
  9 orcs
  An endoplasm (D:3)
  2 giant cockroaches
  3 goblins
  2 hobgoblins
  A jackal (D:3)
  2 quokkas (D:3)
  9 ball pythons
  4 bats
  5 frilled lizards
  5 kobolds
  3 rats
67 creatures vanquished.

Notes
Turn   | Place    | Note
-------+----------+-------------------------------------------
     0 | D:1      | Arzdou the Demonspawn Shapeshifter began the quest for the
                  | Orb.
     0 | D:1      | Reached XP level 1. HP: 15/15 MP: 1/1
   680 | D:1      | Reached skill level 3 in Unarmed Combat
  1012 | D:2      | Found a faded altar of an unknown god.
  1014 | D:2      | Discovered your monstrous ancestry.
  1014 | D:2      | Gained mutation: You have large cloven feet. [demonic
                  | ancestry]
  1014 | D:2      | Reached XP level 2. HP: 21/21 MP: 2/2
  1077 | D:2      | Noticed Sigmund
  1371 | D:2      | Gained mutation: Your touch may inflict minor irresistible
                  | damage on your foes. [demonic ancestry]
  1371 | D:2      | Reached XP level 3. HP: 20/26 MP: 3/3
  1543 | D:2      | Found a shimmering blue altar of Sif Muna.
  1901 | D:3      | Reached skill level 4 in Unarmed Combat
  1991 | D:3      | Noticed Grinder
  2295 | D:3      | Paralysed by Grinder for 5 turns
  2301 | D:3      | Killed Grinder
  2302 | D:3      | Reached skill level 6 in Unarmed Combat
  2302 | D:3      | Reached XP level 4. HP: 32/32 MP: 4/4
  2302 | D:3      | Reached XP level 5. HP: 37/37 MP: 5/5
  2475 | D:3      | Gained mutation: Spells you cast may paralyse adjacent
                  | enemies. [demonic ancestry]
  2475 | D:3      | Reached XP level 6. HP: 43/43 MP: 6/6
  2835 | D:2      | Killed Sigmund
  2836 | D:2      | Reached skill level 7 in Unarmed Combat
  3135 | D:2      | Found a shimmering blue altar of Sif Muna.
  3163 | D:2      | Found a faded altar of an unknown god.
  3507 | D:3      | Gained mutation: You have a pair of small antennae on your
                  | head. [demonic ancestry]
  3507 | D:3      | Reached XP level 7. HP: 33/48 MP: 7/7
  3839 | D:4      | HP: 2/48 [something (6)]
  3842 | D:4      | Reached skill level 8 in Unarmed Combat
  4011 | D:4      | Quit the game

Illustrated notes

Levels and vault maps discovered:
D:1:      nagdon_arrival_double_spiral, layout_basic
D:2:      layout_loops_ring, basic_altar, nicolae_ecumenical_snake_handling,
          uniq_sigmund
D:3:      minmay_inner_zag, layout_basic, serial_forest,
          infiniplex_forest_side_room, infiniplex_forest_lined_room_2,
          infiniplex_forest_lined_room_3, infiniplex_forest_clump_tiny,
          infiniplex_forest_lined_room_2, infiniplex_forest_join, uniq_grinder
D:4:      layout_gridville, mainiacjoe_overflow_alcove_4, grunt_ministairs_13,
          nicolae_elemental_shop, uniq_edmund, uniq_pargi

Skill      XL: |  1  2  3  4  5  6  7 |
---------------+----------------------+-----
Unarmed Combat | 3 6 7 8 |  8.2
Shapeshifting  | 3 |  3.0
Fighting       | |  1.0
Dodging        | |  1.7

Action                     |  1- 3 |  4- 6 |  7- 9 || total
---------------------------+-------+-------+-------++-------
  Melee: Unarmed           |   101 |    32 |    36 ||   169
         Punch             |     2 |       |     1 ||     3
         Kick              |     9 |    10 |     8 ||    27
         Touch             |     4 |     7 |     7 ||    18
    Use: Potion            |     2 |       |       ||     2
         Scroll            |     2 |       |       ||     2
   Stab: Sleeping          |     2 |     3 |       ||     5
         Distracted        |     1 |       |       ||     1
 Armour: Animal skin       |    18 |     3 |     1 ||    22
         Skin              |     4 |       |       ||     4
         Robe              |       |       |     7 ||     7
  Dodge: Dodged            |    51 |    15 |    13 ||    79

Table legend: (Time is in decaauts)
 A = Elapsed time spent in this place.
 B = Non-inter-level travel time spent in this place.
 C = Inter-level travel time spent in this place.
 D = Time resting spent in this place.
 E = Time spent auto-exploring this place.
 F = Levels seen in this place.
 G = Mean time per level.
                   A        B        C        D        E       F      G
               +--------+--------+--------+--------+--------+-----+--------+
         Total |   4002 |   3699 |    303 |    321 |   2751 |   4 | 1000.5 |
       Dungeon |   4002 |   3699 |    303 |    321 |   2751 |   4 | 1000.5 |
               +--------+--------+--------+--------+--------+-----+--------+

Top non-repeatable levels by time:
     D:2: 1420 daAuts
     D:3: 1028 daAuts
     D:1: 1004 daAuts
     D:4: 550 daAuts
